Workbook
Name Airport: 'G6 Options'!#REF!

Sheet Instructions
C3: Bidder : | D3: Bidder Company Name
C4: Project Name | D4: Fire Detection and Suppression System Programme- FALE and Bluff Radar site
C5: Foreign Currency: | D5: FC
C6: ROE: 1R= | D6: 0.1
C7: Date: | D7: 46220
C10: This file contains the following sheets:
C11: G1 SUMMARY | D11: Summary of all sheets.
C12: G2_1 PMP | D12: Project management and associated costs.
C13: G2_2 ILS | D13: Logistic Support and associated costs.
C14: G3_1 to 2 | D14: All items and associated cost on the equipment per site.
C15: G4 Miscellaneous | D15: All miscellaneous items costs
C16: G5_1 Support Contract (Base) | D16: 10 Year maintenance contract at base cost. Please provide details.
C17: G5_2 Support Contract (Inflated) | D17: 10 Year maintenance contract including inflation. Please provide details.
C18: G6 Options | D18: All optional items and costs
C21: VAT SHALL BE CLEARLY INDICATED ON THE G1 SUMMARY SHEET
C22: THE BIDDER SHALL BE RESPONSIBLE FOR VERIFYING THAT THERE ARE NO ERROS IN QUANTITIES, PRICING, CALCULATIONS AND TOTALS AS INDICATED ON THEIR SUBMITTED PRICING SCHEDULE

Sheet G1 SUMMARY
A1: BIDDER PRICE SCHEDULE: APPENDIX G1
A2: (INCLUDING VALUE ADDED TAX)
A3: BIDDER : | C3: =Instructions!D3 -> Bidder Company Name
A4: DESCRIPTION : | C4: =Instructions!D4 -> Fire Detection and Suppression System Programme- FALE and Bluff Radar site
A5: Item Nr: | C5: G1
A6: Item Description: | C6: SUMMARY
A7: Foreign Currancy | C7: =Instructions!D5 -> FC
A8: ROE: 1R = | C8: =Instructions!D6 -> 0.1
C10: Overseas Items | I10: Local Items
A12: Schedule Item Number | B12: Description | C12: Foreign Currency | D12: Quantity | E12: Foreign Amount Unit Cost | F12: Foreign Amount Total Cost | G12: ROE: 1R = … | H12: Total Foreign Cost in Rands | I12: Quantity | J12: Local Amount Unit Cost | K12: Local Amount Total Cost | L12: Total Rands
A16: G2 | B16: SERVICES
A17: G2.1 | B17: Project Management | C17: =C7 -> FC | E17: ='G2_1 PMP'!E42 -> 0 | F17: ='G2_1 PMP'!F42 -> 0 | G17: ='G2_1 PMP'!G42 -> 0.1 | H17: ='G2_1 PMP'!H42 -> 0 | J17: ='G2_1 PMP'!J42 -> 0 | K17: ='G2_1 PMP'!K42 -> 0 | L17: ='G2_1 PMP'!L42 -> 0
A18: G2.2 | B18: Integrated Logistic Support | C18: =C7 -> FC | E18: ='G2_2 ILS'!E49 -> 0 | F18: ='G2_2 ILS'!F49 -> 0 | G18: ='G2_2 ILS'!G49 -> 0.1 | H18: ='G2_2 ILS'!H49 -> 0 | I18: ='G2_2 ILS'!I49 -> 0 | J18: ='G2_2 ILS'!J49 -> 0 | K18: ='G2_2 ILS'!K49 -> 0 | L18: ='G2_2 ILS'!L49 -> 0
A20: G3 | B20: INSTALLATION AND MATERIALS
A21: G3.1 | B21: FALE | C21: =C7 -> FC | E21: ='G3_1 FALE'!E103 -> 0 | F21: ='G3_1 FALE'!F103 -> 0 | G21: ='G3_1 FALE'!G103 -> 0.1 | H21: ='G3_1 FALE'!H103 -> 0 | I21: ='G3_1 FALE'!I103 -> 0 | J21: ='G3_1 FALE'!J103 -> 0 | K21: ='G3_1 FALE'!K103 -> 0 | L21: ='G3_1 FALE'!L103 -> 0
A22: G3.2 | B22: Bluff Radar | C22: =C7 -> FC | E22: ='G3_2 Bluff Radar'!E94 -> 0 | F22: ='G3_2 Bluff Radar'!F94 -> 0 | G22: ='G3_2 Bluff Radar'!G94 -> 0.1 | H22: ='G3_2 Bluff Radar'!H94 -> 0 | I22: ='G3_2 Bluff Radar'!I94 -> 0 | J22: ='G3_2 Bluff Radar'!J94 -> 0 | K22: ='G3_2 Bluff Radar'!K94 -> 0 | L22: ='G3_2 Bluff Radar'!L94 -> 0
A24: G4 | B24: MISCELLANEOUS | E24: ='G4 Miscellaneous'!E42 -> 0 | F24: ='G4 Miscellaneous'!F42 -> 0 | G24: ='G4 Miscellaneous'!G42 -> 0.1 | H24: ='G4 Miscellaneous'!H42 -> 0 | I24: ='G4 Miscellaneous'!I42 -> 0 | J24: ='G4 Miscellaneous'!J42 -> 0 | K24: ='G4 Miscellaneous'!K42 -> 0 | L24: ='G4 Miscellaneous'!L42 -> 0
B26: TOTAL (Excluding System Support) | E26: =SUM(E17:E24) -> 0 | F26: =SUM(F15:F24) -> 0 | H26: =SUM(H15:H24) -> 0 | J26: =SUM(J15:J24) -> 0 | K26: =SUM(K15:K24) -> 0 | L26: =SUM(L15:L24) -> 0
A28: G5.2 | B28: SUPPORT CONTRACT (with Inflation) | C28: =C7 -> FC | E28: ='G5_2 Support Contract (Inflated'!E41 -> 0 | F28: ='G5_2 Support Contract (Inflated'!F41 -> 0 | G28: ='G5_2 Support Contract (Inflated'!G41 -> 0.1 | H28: ='G5_2 Support Contract (Inflated'!H41 -> 0 | I28: ='G5_2 Support Contract (Inflated'!I41 -> 0 | J28: ='G5_2 Support Contract (Inflated'!J41 -> 0 | K28: ='G5_2 Support Contract (Inflated'!K41 -> 0 | L28: ='G5_2 Support Contract (Inflated'!L41 -> 0
B30: GRAND TOTAL | E30: =E26+E28 -> 0 | F30: =F26+F28 -> 0 | H30: =H26+H28 -> 0 | J30: =J26+J28 -> 0 | K30: =K26+K28 -> 0 | L30: =L26+L28 -> 0
A32: G6 | B32: OPTIONS | C32: =C7 -> FC | E32: ='G6 Options'!E62 -> 0 | F32: ='G6 Options'!F62 -> 0 | G32: ='G6 Options'!G62 -> 0.1 | H32: ='G6 Options'!H62 -> 0 | I32: ='G6 Options'!I62 -> 0 | J32: ='G6 Options'!J62 -> 0 | K32: ='G6 Options'!K62 -> 0 | L32: ='G6 Options'!L62 -> 0
B34: GRAND TOTAL (Including Options) | E34: =E30+E32 -> 0 | F34: =F30+F32 -> 0 | H34: =H30+H32 -> 0 | J34: =J30+J32 -> 0 | K34: =K30+K32 -> 0 | L34: =L30+L32 -> 0
B36: VAT (15%) | E36: =0.15*E34 -> 0 | F36: =0.15*F34 -> 0 | H36: =0.15*H34 -> 0 | J36: =0.15*J34 -> 0 | K36: =0.15*K34 -> 0 | L36: =0.15*L34 -> 0
B38: GRAND TOTAL (Including VAT) | E38: =E34+E36 -> 0 | F38: =F34+F36 -> 0 | H38: =H34+H36 -> 0 | J38: =J34+J36 -> 0 | K38: =K34+K36 -> 0 | L38: =L34+L36 -> 0

Sheet G2_1 PMP
A1: BIDDER PRICE SCHEDULE: APPENDIX G2.1
A2: (INCLUDING VALUE ADDED TAX)
A3: BIDDER : | B3: =Instructions!D3 -> Bidder Company Name
A4: PROJECT : | B4: =Instructions!D4 -> Fire Detection and Suppression System Programme- FALE and Bluff Radar site
A5: Item Nr: | B5: G2.1
A6: Item Description: | B6: Project Management
A7: Foreign Currancy | B7: =Instructions!D5 -> FC
A8: ROE: 1R = | B8: =Instructions!D6 -> 0.1
C10: Overseas Items | I10: Local Items
A12: Schedule Item Number | B12: Description | C12: Foreign Currency | D12: Quantity | E12: Foreign Amount Unit Cost | F12: Foreign Amount Total Cost | G12: ROE: 1R = … | H12: Total Foreign Cost in Rands | I12: Quantity | J12: Local Amount Unit Cost | K12: Local Amount Total Cost | L12: Total Rands
A15: =B5 -> G2.1 | B15: =B6 -> Project Management
B16: {All project Management items, with at least the following items. Additional items must be added and quantities adjusted by the bidder as necessary.}
A18: 2.1.1 | B18: Documents:
B19: Project Management Plan | C19: =$B$7 -> FC | F19: =D19*E19 -> 0 | G19: =$B$8 -> 0.1 | H19: =IF(G19<>0,F19/G19,0) -> 0 | K19: =I19*J19 -> 0 | L19: =IF(OR(J19>0,H19>0),H19+K19,0) -> 0
B20: As-Built Document | C20: =$B$7 -> FC | F20: =D20*E20 -> 0 | G20: =$B$8 -> 0.1 | H20: =IF(G20<>0,F20/G20,0) -> 0 | K20: =I20*J20 -> 0 | L20: =IF(OR(J20>0,H20>0),H20+K20,0) -> 0
B21: Master Project Schedule | C21: =$B$7 -> FC | F21: =D21*E21 -> 0 | G21: =$B$8 -> 0.1 | H21: =IF(G21<>0,F21/G21,0) -> 0 | K21: =I21*J21 -> 0 | L21: =IF(OR(J21>0,H21>0),H21+K21,0) -> 0
B22: Safety File | C22: =$B$7 -> FC | F22: =D22*E22 -> 0 | G22: =$B$8 -> 0.1 | H22: =IF(G22<>0,F22/G22,0) -> 0 | K22: =I22*J22 -> 0 | L22: =IF(OR(J22>0,H22>0),H22+K22,0) -> 0
B23: Site Survey Report | C23: =$B$7 -> FC | F23: =D23*E23 -> 0 | G23: =$B$8 -> 0.1 | H23: =IF(G23<>0,F23/G23,0) -> 0 | K23: =I23*J23 -> 0 | L23: =IF(OR(J23>0,H23>0),H23+K23,0) -> 0
B24: Resource Allocation Plan | C24: =$B$7 -> FC | F24: =D24*E24 -> 0 | G24: =$B$8 -> 0.1 | H24: =IF(G24<>0,F24/G24,0) -> 0 | K24: =I24*J24 -> 0 | L24: =IF(OR(J24>0,H24>0),H24+K24,0) -> 0
B25: Design and Specification | C25: =$B$7 -> FC | F25: =D25*E25 -> 0 | G25: =$B$8 -> 0.1 | H25: =IF(G25<>0,F25/G25,0) -> 0 | K25: =I25*J25 -> 0 | L25: =IF(OR(J25>0,H25>0),H25+K25,0) -> 0
A27: 2.1.2 | B27: Acceptance Tests | F27: =D27*E27 -> 0
B28: Factory Acceptance Test | C28: =$B$7 -> FC | F28: =D28*E28 -> 0 | G28: =$B$8 -> 0.1 | H28: =IF(G28<>0,F28/G28,0) -> 0 | K28: =I28*J28 -> 0 | L28: =IF(OR(J28>0,H28>0),H28+K28,0) -> 0
B29: Installation and commisioning tests | C29: =$B$7 -> FC | F29: =D29*E29 -> 0 | G29: =$B$8 -> 0.1 | H29: =IF(G29<>0,F29/G29,0) -> 0 | K29: =I29*J29 -> 0 | L29: =IF(OR(J29>0,H29>0),H29+K29,0) -> 0
B30: Site Acceptance Test | C30: =$B$7 -> FC | F30: =D30*E30 -> 0 | G30: =$B$8 -> 0.1 | H30: =IF(G30<>0,F30/G30,0) -> 0 | K30: =I30*J30 -> 0 | L30: =IF(OR(J30>0,H30>0),H30+K30,0) -> 0
C31: =$B$7 -> FC | F31: =D31*E31 -> 0 | G31: =$B$8 -> 0.1 | H31: =IF(G31<>0,F31/G31,0) -> 0 | K31: =I31*J31 -> 0 | L31: =IF(OR(J31>0,H31>0),H31+K31,0) -> 0
A32: 2.1.3 | B32: Project Management Services | F32: =D32*E32 -> 0
B33: All PM Services | C33: =$B$7 -> FC | F33: =D33*E33 -> 0 | G33: =$B$8 -> 0.1 | H33: =IF(G33<>0,F33/G33,0) -> 0 | K33: =I33*J33 -> 0 | L33: =IF(OR(J33>0,H33>0),H33+K33,0) -> 0
B34: Decommissioning and Disposal | C34: =$B$7 -> FC | F34: =D34*E34 -> 0 | G34: =$B$8 -> 0.1 | H34: =IF(G34<>0,F34/G34,0) -> 0 | K34: =I34*J34 -> 0 | L34: =IF(OR(J34>0,H34>0),H34+K34,0) -> 0
B35: Electrical Compliance Certificates (COCs) | C35: =$B$7 -> FC | F35: =D35*E35 -> 0 | G35: =$B$8 -> 0.1 | H35: =IF(G35<>0,F35/G35,0) -> 0 | K35: =I35*J35 -> 0 | L35: =IF(OR(J35>0,H35>0),H35+K35,0) -> 0
C36: =$B$7 -> FC | F36: =D36*E36 -> 0 | G36: =$B$8 -> 0.1 | H36: =IF(G36<>0,F36/G36,0) -> 0 | K36: =I36*J36 -> 0 | L36: =IF(OR(J36>0,H36>0),H36+K36,0) -> 0
A37: 2.1.4 | B37: Shipping, Insurance & Associated costs
B38: Shipping | C38: =$B$7 -> FC | F38: =D38*E38 -> 0 | G38: =$B$8 -> 0.1 | H38: =IF(G38<>0,F38/G38,0) -> 0 | K38: =I38*J38 -> 0 | L38: =IF(OR(J38>0,H38>0),H38+K38,0) -> 0
B39: Insurance | C39: =$B$7 -> FC | F39: =D39*E39 -> 0 | G39: =$B$8 -> 0.1 | H39: =IF(G39<>0,F39/G39,0) -> 0 | K39: =I39*J39 -> 0 | L39: =IF(OR(J39>0,H39>0),H39+K39,0) -> 0
C40: =$B$7 -> FC | F40: =D40*E40 -> 0 | G40: =$B$8 -> 0.1 | H40: =IF(G40<>0,F40/G40,0) -> 0 | K40: =I40*J40 -> 0 | L40: =IF(OR(J40>0,H40>0),H40+K40,0) -> 0
C41: =$B$7 -> FC | F41: =D41*E41 -> 0 | G41: =$B$8 -> 0.1 | H41: =IF(G41<>0,F41/G41,0) -> 0 | K41: =I41*J41 -> 0 | L41: =IF(OR(J41>0,H41>0),H41+K41,0) -> 0
B42: =+"SUB-TOTAL: "&A15 -> SUB-TOTAL: G2.1 | E42: =SUM(E15:E41) -> 0 | F42: =SUM(F15:F41) -> 0 | G42: =$B$8 -> 0.1 | H42: =SUM(H15:H41) -> 0 | J42: =SUM(J15:J41) -> 0 | K42: =SUM(K15:K41) -> 0 | L42: =SUM(L15:L41) -> 0
B43: VAT (15%) | L43: =0.15*L42 -> 0

Sheet G2_2 ILS
A1: BIDDER PRICE SCHEDULE: APPENDIX G2.2
A2: (INCLUDING VALUE ADDED TAX)
A3: BIDDER : | B3: =Instructions!D3 -> Bidder Company Name
A4: PROJECT : | B4: =Instructions!D4 -> Fire Detection and Suppression System Programme- FALE and Bluff Radar site
A5: Item Nr: | B5: G2.2
A6: Item Description: | B6: Integrated Logistic Support
A7: Foreign Currancy | B7: =Instructions!D5 -> FC
A8: ROE: 1R = | B8: =Instructions!D6 -> 0.1
C10: Overseas Items | I10: Local Items
A12: Schedule Item Number | B12: Description | C12: Foreign Currency | D12: Quantity | E12: Foreign Amount Unit Cost | F12: Foreign Amount Total Cost | G12: ROE: 1R = … | H12: Total Foreign Cost in Rands | I12: Quantity | J12: Local Amount Unit Cost | K12: Local Amount Total Cost | L12: Total Rands
A15: =B5 -> G2.2 | B15: =B6 -> Integrated Logistic Support
B16: { All logistic support items with at least the following items. Additional items must be added and quantities adjusted by the bidder as necessary.}
A18: 2.2.1 | B18: Logistic Support Services
B19: Logistic Support | C19: =$B$7 -> FC | F19: =D19*E19 -> 0 | G19: =$B$8 -> 0.1 | H19: =IF(G19<>0,F19/G19,0) -> 0 | K19: =I19*J19 -> 0 | L19: =IF(OR(J19>0,H19>0),H19+K19,0) -> 0
B20: Packaging ,Shipping, Handling and Transportation | C20: =$B$7 -> FC | F20: =D20*E20 -> 0 | G20: =$B$8 -> 0.1 | H20: =IF(G20<>0,F20/G20,0) -> 0 | K20: =I20*J20 -> 0 | L20: =IF(OR(J20>0,H20>0),H20+K20,0) -> 0
B21: Training | C21: =$B$7 -> FC | F21: =D21*E21 -> 0 | G21: =$B$8 -> 0.1 | H21: =IF(G21<>0,F21/G21,0) -> 0 | K21: =I21*J21 -> 0 | L21: =IF(OR(J21>0,H21>0),H21+K21,0) -> 0
B22: Site preparations | C22: =$B$7 -> FC | F22: =D22*E22 -> 0 | G22: =$B$8 -> 0.1 | H22: =IF(G22<>0,F22/G22,0) -> 0 | K22: =I22*J22 -> 0 | L22: =IF(OR(J22>0,H22>0),H22+K22,0) -> 0
A24: 2.2.2 | B24: Documents
B25: Integrated Logistic Support Plan | C25: =$B$7 -> FC | F25: =D25*E25 -> 0 | G25: =$B$8 -> 0.1 | H25: =IF(G25<>0,F25/G25,0) -> 0 | K25: =I25*J25 -> 0 | L25: =IF(OR(J25>0,H25>0),H25+K25,0) -> 0
B26: Solution Design | C26: =$B$7 -> FC | F26: =D26*E26 -> 0 | G26: =$B$8 -> 0.1 | H26: =IF(G26<>0,F26/G26,0) -> 0 | K26: =I26*J26 -> 0 | L26: =IF(OR(J26>0,H26>0),H26+K26,0) -> 0
C27: =$B$7 -> FC | F27: =D27*E27 -> 0 | G27: =$B$8 -> 0.1 | H27: =IF(G27<>0,F27/G27,0) -> 0 | K27: =I27*J27 -> 0 | L27: =IF(OR(J27>0,H27>0),H27+K27,0) -> 0
C28: =$B$7 -> FC | F28: =D28*E28 -> 0 | G28: =$B$8 -> 0.1 | H28: =IF(G28<>0,F28/G28,0) -> 0 | K28: =I28*J28 -> 0 | L28: =IF(OR(J28>0,H28>0),H28+K28,0) -> 0
A29: 2.2.3 | B29: Spares
C30: =$B$7 -> FC | F30: =D30*E30 -> 0 | G30: =$B$8 -> 0.1 | H30: =IF(G30<>0,F30/G30,0) -> 0 | K30: =I30*J30 -> 0 | L30: =IF(OR(J30>0,H30>0),H30+K30,0) -> 0
C31: =$B$7 -> FC | F31: =D31*E31 -> 0 | G31: =$B$8 -> 0.1 | H31: =IF(G31<>0,F31/G31,0) -> 0 | K31: =I31*J31 -> 0 | L31: =IF(OR(J31>0,H31>0),H31+K31,0) -> 0
C32: =$B$7 -> FC | F32: =D32*E32 -> 0 | G32: =$B$8 -> 0.1 | H32: =IF(G32<>0,F32/G32,0) -> 0 | K32: =I32*J32 -> 0 | L32: =IF(OR(J32>0,H32>0),H32+K32,0) -> 0
C33: =$B$7 -> FC | F33: =D33*E33 -> 0 | G33: =$B$8 -> 0.1 | H33: =IF(G33<>0,F33/G33,0) -> 0 | K33: =I33*J33 -> 0 | L33: =IF(OR(J33>0,H33>0),H33+K33,0) -> 0
C34: =$B$7 -> FC | F34: =D34*E34 -> 0 | G34: =$B$8 -> 0.1 | H34: =IF(G34<>0,F34/G34,0) -> 0 | K34: =I34*J34 -> 0 | L34: =IF(OR(J34>0,H34>0),H34+K34,0) -> 0
C35: =$B$7 -> FC | F35: =D35*E35 -> 0 | G35: =$B$8 -> 0.1 | H35: =IF(G35<>0,F35/G35,0) -> 0 | K35: =I35*J35 -> 0 | L35: =IF(OR(J35>0,H35>0),H35+K35,0) -> 0
C36: =$B$7 -> FC | F36: =D36*E36 -> 0 | G36: =$B$8 -> 0.1 | H36: =IF(G36<>0,F36/G36,0) -> 0 | K36: =I36*J36 -> 0 | L36: =IF(OR(J36>0,H36>0),H36+K36,0) -> 0
C37: =$B$7 -> FC | F37: =D37*E37 -> 0 | G37: =$B$8 -> 0.1 | H37: =IF(G37<>0,F37/G37,0) -> 0 | K37: =I37*J37 -> 0 | L37: =IF(OR(J37>0,H37>0),H37+K37,0) -> 0
C38: =$B$7 -> FC | F38: =D38*E38 -> 0 | G38: =$B$8 -> 0.1 | H38: =IF(G38<>0,F38/G38,0) -> 0 | K38: =I38*J38 -> 0 | L38: =IF(OR(J38>0,H38>0),H38+K38,0) -> 0
A40: 2.2.4 | B40: PBU
B41: FALE | C41: =$B$7 -> FC | F41: =D41*E41 -> 0 | G41: =$B$8 -> 0.1 | H41: =IF(G41<>0,F41/G41,0) -> 0 | K41: =I41*J41 -> 0 | L41: =IF(OR(J41>0,H41>0),H41+K41,0) -> 0
B42: Bluff Radar | C42: =$B$7 -> FC | F42: =D42*E42 -> 0 | G42: =$B$8 -> 0.1 | H42: =IF(G42<>0,F42/G42,0) -> 0 | K42: =I42*J42 -> 0 | L42: =IF(OR(J42>0,H42>0),H42+K42,0) -> 0
C43: =$B$7 -> FC | F43: =D43*E43 -> 0 | G43: =$B$8 -> 0.1 | H43: =IF(G43<>0,F43/G43,0) -> 0 | K43: =I43*J43 -> 0 | L43: =IF(OR(J43>0,H43>0),H43+K43,0) -> 0
C44: =$B$7 -> FC | F44: =D44*E44 -> 0 | G44: =$B$8 -> 0.1 | H44: =IF(G44<>0,F44/G44,0) -> 0 | K44: =I44*J44 -> 0 | L44: =IF(OR(J44>0,H44>0),H44+K44,0) -> 0
C45: =$B$7 -> FC | F45: =D45*E45 -> 0 | G45: =$B$8 -> 0.1 | H45: =IF(G45<>0,F45/G45,0) -> 0 | K45: =I45*J45 -> 0 | L45: =IF(OR(J45>0,H45>0),H45+K45,0) -> 0
C46: =$B$7 -> FC | F46: =D46*E46 -> 0 | G46: =$B$8 -> 0.1 | H46: =IF(G46<>0,F46/G46,0) -> 0 | K46: =I46*J46 -> 0 | L46: =IF(OR(J46>0,H46>0),H46+K46,0) -> 0
C47: =$B$7 -> FC | F47: =D47*E47 -> 0 | G47: =$B$8 -> 0.1 | H47: =IF(G47<>0,F47/G47,0) -> 0 | K47: =I47*J47 -> 0 | L47: =IF(OR(J47>0,H47>0),H47+K47,0) -> 0
C48: =$B$7 -> FC | F48: =D48*E48 -> 0 | G48: =$B$8 -> 0.1 | H48: =IF(G48<>0,F48/G48,0) -> 0 | K48: =I48*J48 -> 0 | L48: =IF(OR(J48>0,H48>0),H48+K48,0) -> 0
B49: =+"SUB-TOTAL: "&A15 -> SUB-TOTAL: G2.2 | E49: =SUM(E15:E48) -> 0 | F49: =SUM(F15:F48) -> 0 | G49: =$B$8 -> 0.1 | H49: =SUM(H15:H48) -> 0 | J49: =SUM(J15:J48) -> 0 | K49: =SUM(K15:K48) -> 0 | L49: =SUM(L15:L48) -> 0
B50: VAT (15%) | L50: =0.15*L49 -> 0

Sheet G3_1 FALE
A1: BIDDER PRICE SCHEDULE: APPENDIX G3.1
A2: (INCLUDING VALUE ADDED TAX)
A3: BIDDER : | B3: =Instructions!D3 -> Bidder Company Name
A4: PROJECT : | B4: =Instructions!D4 -> Fire Detection and Suppression System Programme- FALE and Bluff Radar site
A5: Item Nr: | B5: G3.1
A6: Item Description: | B6: FALE
A7: Foreign Currancy | B7: =Instructions!D5 -> FC
A8: ROE: 1R = | B8: =Instructions!D6 -> 0.1
C10: Overseas Items | I10: Local Items
A12: Schedule Item Number | B12: Description {Equipment Common to all site} | C12: Foreign Currency | D12: Quantity | E12: Foreign Amount Unit Cost | F12: Foreign Amount Total Cost | G12: ROE: 1R = … | H12: Total Foreign Cost in Rands | I12: Quantity | J12: Local Amount Unit Cost | K12: Local Amount Total Cost | L12: Total Rands
A15: =B5 -> G3.1 | B15: =B6 -> FALE
B16: (All equipment as required, with at least the following headings. Additional items must be added and quantities adjusted by the bidder as necessary.)
B18: Fire Detection System
B19: Addressable Fire Alarm Control Panel | C19: =$B$7 -> FC | F19: =D19*E19 -> 0 | G19: =$B$8 -> 0.1 | H19: =IF(G19<>0,F19/G19,0) -> 0 | K19: =I19*J19 -> 0 | L19: =IF(OR(J19>0,H19>0),H19+K19,0) -> 0
B20: Battery set for FACP | C20: =$B$7 -> FC | F20: =D20*E20 -> 0 | G20: =$B$8 -> 0.1 | H20: =IF(G20<>0,F20/G20,0) -> 0 | K20: =I20*J20 -> 0 | L20: =IF(OR(J20>0,H20>0),H20+K20,0) -> 0
B21: Addressable loop card/module | C21: =$B$7 -> FC | F21: =D21*E21 -> 0 | G21: =$B$8 -> 0.1 | H21: =IF(G21<>0,F21/G21,0) -> 0 | K21: =I21*J21 -> 0 | L21: =IF(OR(J21>0,H21>0),H21+K21,0) -> 0
B22: Network card | C22: =$B$7 -> FC | F22: =D22*E22 -> 0 | G22: =$B$8 -> 0.1 | H22: =IF(G22<>0,F22/G22,0) -> 0 | K22: =I22*J22 -> 0 | L22: =IF(OR(J22>0,H22>0),H22+K22,0) -> 0
B23: Detectors
B24: Addressable smoke detectors (list and cost all proposed types) | C24: =$B$7 -> FC | F24: =D24*E24 -> 0 | G24: =$B$8 -> 0.1 | H24: =IF(G24<>0,F24/G24,0) -> 0 | K24: =I24*J24 -> 0 | L24: =IF(OR(J24>0,H24>0),H24+K24,0) -> 0
B25: Addressable heat detectors (list and cost all proposed types) | C25: =$B$7 -> FC | F25: =D25*E25 -> 0 | G25: =$B$8 -> 0.1 | H25: =IF(G25<>0,F25/G25,0) -> 0 | K25: =I25*J25 -> 0 | L25: =IF(OR(J25>0,H25>0),H25+K25,0) -> 0
B26: Addressable flame detectors (list and cost all proposed types) | C26: =$B$7 -> FC | F26: =D26*E26 -> 0 | G26: =$B$8 -> 0.1 | H26: =IF(G26<>0,F26/G26,0) -> 0 | K26: =I26*J26 -> 0 | L26: =IF(OR(J26>0,H26>0),H26+K26,0) -> 0
B27: Multi-criteria detectors (list and cost all proposed types) | C27: =$B$7 -> FC | F27: =D27*E27 -> 0 | G27: =$B$8 -> 0.1 | H27: =IF(G27<>0,F27/G27,0) -> 0 | K27: =I27*J27 -> 0 | L27: =IF(OR(J27>0,H27>0),H27+K27,0) -> 0
B28: Mounting solution including brackets | C28: =$B$7 -> FC | F28: =D28*E28 -> 0 | G28: =$B$8 -> 0.1 | H28: =IF(G28<>0,F28/G28,0) -> 0 | K28: =I28*J28 -> 0 | L28: =IF(OR(J28>0,H28>0),H28+K28,0) -> 0
B29: Addressable manual call point | C29: =$B$7 -> FC | F29: =D29*E29 -> 0 | G29: =$B$8 -> 0.1 | H29: =IF(G29<>0,F29/G29,0) -> 0 | K29: =I29*J29 -> 0 | L29: =IF(OR(J29>0,H29>0),H29+K29,0) -> 0
B30: Addressable sounder | C30: =$B$7 -> FC | F30: =D30*E30 -> 0 | G30: =$B$8 -> 0.1 | H30: =IF(G30<>0,F30/G30,0) -> 0 | K30: =I30*J30 -> 0 | L30: =IF(OR(J30>0,H30>0),H30+K30,0) -> 0
B31: Addressable sounder beacon | C31: =$B$7 -> FC | F31: =D31*E31 -> 0 | G31: =$B$8 -> 0.1 | H31: =IF(G31<>0,F31/G31,0) -> 0 | K31: =I31*J31 -> 0 | L31: =IF(OR(J31>0,H31>0),H31+K31,0) -> 0
B32: Strobe beacon | C32: =$B$7 -> FC | F32: =D32*E32 -> 0 | G32: =$B$8 -> 0.1 | H32: =IF(G32<>0,F32/G32,0) -> 0 | K32: =I32*J32 -> 0 | L32: =IF(OR(J32>0,H32>0),H32+K32,0) -> 0
B33: Addressable input/output module | C33: =$B$7 -> FC | F33: =D33*E33 -> 0 | G33: =$B$8 -> 0.1 | H33: =IF(G33<>0,F33/G33,0) -> 0 | K33: =I33*J33 -> 0 | L33: =IF(OR(J33>0,H33>0),H33+K33,0) -> 0
B34: Monitor module | C34: =$B$7 -> FC | F34: =D34*E34 -> 0 | G34: =$B$8 -> 0.1 | H34: =IF(G34<>0,F34/G34,0) -> 0 | K34: =I34*J34 -> 0 | L34: =IF(OR(J34>0,H34>0),H34+K34,0) -> 0
B35: Control Module | C35: =$B$7 -> FC | F35: =D35*E35 -> 0 | G35: =$B$8 -> 0.1 | H35: =IF(G35<>0,F35/G35,0) -> 0 | K35: =I35*J35 -> 0 | L35: =IF(OR(J35>0,H35>0),H35+K35,0) -> 0
B36: Short circuit isolator module | C36: =$B$7 -> FC | F36: =D36*E36 -> 0 | G36: =$B$8 -> 0.1 | H36: =IF(G36<>0,F36/G36,0) -> 0 | K36: =I36*J36 -> 0 | L36: =IF(OR(J36>0,H36>0),H36+K36,0) -> 0
B45: Fire Suppression System
B46: (List ALL material and equipment needed, with the following as minimum)
B47: Fire Suppression Control Panel | C47: =$B$7 -> FC | F47: =D47*E47 -> 0 | G47: =$B$8 -> 0.1 | H47: =IF(G47<>0,F47/G47,0) -> 0 | K47: =I47*J47 -> 0 | L47: =IF(OR(J47>0,H47>0),H47+K47,0) -> 0
B48: Clean agent storage cylinders (with valve and pressure guage) | C48: =$B$7 -> FC | F48: =D48*E48 -> 0 | G48: =$B$8 -> 0.1 | H48: =IF(G48<>0,F48/G48,0) -> 0 | K48: =I48*J48 -> 0 | L48: =IF(OR(J48>0,H48>0),H48+K48,0) -> 0
B49: Clean agent | C49: =$B$7 -> FC | F49: =D49*E49 -> 0 | G49: =$B$8 -> 0.1 | H49: =IF(G49<>0,F49/G49,0) -> 0 | K49: =I49*J49 -> 0 | L49: =IF(OR(J49>0,H49>0),H49+K49,0) -> 0
B50: Mounting solution including brackets | C50: =$B$7 -> FC | F50: =D50*E50 -> 0 | G50: =$B$8 -> 0.1 | H50: =IF(G50<>0,F50/G50,0) -> 0 | K50: =I50*J50 -> 0 | L50: =IF(OR(J50>0,H50>0),H50+K50,0) -> 0
B51: Actuators
B52: Electric actuator | C52: =$B$7 -> FC | F52: =D52*E52 -> 0 | G52: =$B$8 -> 0.1 | H52: =IF(G52<>0,F52/G52,0) -> 0 | K52: =I52*J52 -> 0 | L52: =IF(OR(J52>0,H52>0),H52+K52,0) -> 0
B53: Manual actuator | C53: =$B$7 -> FC | F53: =D53*E53 -> 0 | G53: =$B$8 -> 0.1 | H53: =IF(G53<>0,F53/G53,0) -> 0 | K53: =I53*J53 -> 0 | L53: =IF(OR(J53>0,H53>0),H53+K53,0) -> 0
B54: Pneumatic actuator | C54: =$B$7 -> FC | F54: =D54*E54 -> 0 | G54: =$B$8 -> 0.1 | H54: =IF(G54<>0,F54/G54,0) -> 0 | K54: =I54*J54 -> 0 | L54: =IF(OR(J54>0,H54>0),H54+K54,0) -> 0
B55: Discharge hose | C55: =$B$7 -> FC | F55: =D55*E55 -> 0 | G55: =$B$8 -> 0.1 | H55: =IF(G55<>0,F55/G55,0) -> 0 | K55: =I55*J55 -> 0 | L55: =IF(OR(J55>0,H55>0),H55+K55,0) -> 0
B56: Directional valves | C56: =$B$7 -> FC | F56: =D56*E56 -> 0 | G56: =$B$8 -> 0.1 | H56: =IF(G56<>0,F56/G56,0) -> 0 | K56: =I56*J56 -> 0 | L56: =IF(OR(J56>0,H56>0),H56+K56,0) -> 0
B57: Discharge pipes | C57: =$B$7 -> FC | F57: =D57*E57 -> 0 | G57: =$B$8 -> 0.1 | H57: =IF(G57<>0,F57/G57,0) -> 0 | K57: =I57*J57 -> 0 | L57: =IF(OR(J57>0,H57>0),H57+K57,0) -> 0
B58: Pipe fittings | C58: =$B$7 -> FC | F58: =D58*E58 -> 0 | G58: =$B$8 -> 0.1 | H58: =IF(G58<>0,F58/G58,0) -> 0 | K58: =I58*J58 -> 0 | L58: =IF(OR(J58>0,H58>0),H58+K58,0) -> 0
B59: Pipe supports and clamps | C59: =$B$7 -> FC | F59: =D59*E59 -> 0 | G59: =$B$8 -> 0.1 | H59: =IF(G59<>0,F59/G59,0) -> 0 | K59: =I59*J59 -> 0 | L59: =IF(OR(J59>0,H59>0),H59+K59,0) -> 0
B60: Discharge nozzles | C60: =$B$7 -> FC | F60: =D60*E60 -> 0 | G60: =$B$8 -> 0.1 | H60: =IF(G60<>0,F60/G60,0) -> 0 | K60: =I60*J60 -> 0 | L60: =IF(OR(J60>0,H60>0),H60+K60,0) -> 0
B61: Pressure relief vents | C61: =$B$7 -> FC | F61: =D61*E61 -> 0 | G61: =$B$8 -> 0.1 | H61: =IF(G61<>0,F61/G61,0) -> 0 | K61: =I61*J61 -> 0 | L61: =IF(OR(J61>0,H61>0),H61+K61,0) -> 0
B62: Manual release station
B63: Abort switch | C63: =$B$7 -> FC | F63: =D63*E63 -> 0 | G63: =$B$8 -> 0.1 | H63: =IF(G63<>0,F63/G63,0) -> 0 | K63: =I63*J63 -> 0 | L63: =IF(OR(J63>0,H63>0),H63+K63,0) -> 0
B64: Pressure switch | C64: =$B$7 -> FC | F64: =D64*E64 -> 0 | G64: =$B$8 -> 0.1 | H64: =IF(G64<>0,F64/G64,0) -> 0 | K64: =I64*J64 -> 0 | L64: =IF(OR(J64>0,H64>0),H64+K64,0) -> 0
B65: Monitoring | C65: =$B$7 -> FC | F65: =D65*E65 -> 0 | G65: =$B$8 -> 0.1 | H65: =IF(G65<>0,F65/G65,0) -> 0 | K65: =I65*J65 -> 0 | L65: =IF(OR(J65>0,H65>0),H65+K65,0) -> 0
B66: Alarm devices (audio and visual) | C66: =$B$7 -> FC | F66: =D66*E66 -> 0 | G66: =$B$8 -> 0.1 | H66: =IF(G66<>0,F66/G66,0) -> 0 | K66: =I66*J66 -> 0 | L66: =IF(OR(J66>0,H66>0),H66+K66,0) -> 0
C67: =$B$7 -> FC | F67: =D67*E67 -> 0 | G67: =$B$8 -> 0.1 | H67: =IF(G67<>0,F67/G67,0) -> 0 | K67: =I67*J67 -> 0 | L67: =IF(OR(J67>0,H67>0),H67+K67,0) -> 0
C68: =$B$7 -> FC | F68: =D68*E68 -> 0 | G68: =$B$8 -> 0.1 | H68: =IF(G68<>0,F68/G68,0) -> 0 | K68: =I68*J68 -> 0 | L68: =IF(OR(J68>0,H68>0),H68+K68,0) -> 0
C69: =$B$7 -> FC | F69: =D69*E69 -> 0 | G69: =$B$8 -> 0.1 | H69: =IF(G69<>0,F69/G69,0) -> 0 | K69: =I69*J69 -> 0 | L69: =IF(OR(J69>0,H69>0),H69+K69,0) -> 0
C70: =$B$7 -> FC | F70: =D70*E70 -> 0 | G70: =$B$8 -> 0.1 | H70: =IF(G70<>0,F70/G70,0) -> 0 | K70: =I70*J70 -> 0 | L70: =IF(OR(J70>0,H70>0),H70+K70,0) -> 0
B71: Auxiliaries
B72: Relays | C72: =$B$7 -> FC | F72: =D72*E72 -> 0 | G72: =$B$8 -> 0.1 | H72: =IF(G72<>0,F72/G72,0) -> 0 | K72: =I72*J72 -> 0 | L72: =IF(OR(J72>0,H72>0),H72+K72,0) -> 0
B73: Signage | C73: =$B$7 -> FC | F73: =D73*E73 -> 0 | G73: =$B$8 -> 0.1 | H73: =IF(G73<>0,F73/G73,0) -> 0 | K73: =I73*J73 -> 0 | L73: =IF(OR(J73>0,H73>0),H73+K73,0) -> 0
B74: Cables (list and cost all proposed types) | C74: =$B$7 -> FC | F74: =D74*E74 -> 0 | G74: =$B$8 -> 0.1 | H74: =IF(G74<>0,F74/G74,0) -> 0 | K74: =I74*J74 -> 0 | L74: =IF(OR(J74>0,H74>0),H74+K74,0) -> 0
B75: Cable trays, glands, ferrules, lugs, etc. (list and cost all proposed types) | C75: =$B$7 -> FC | F75: =D75*E75 -> 0 | G75: =$B$8 -> 0.1 | H75: =IF(G75<>0,F75/G75,0) -> 0 | K75: =I75*J75 -> 0 | L75: =IF(OR(J75>0,H75>0),H75+K75,0) -> 0
B76: Conduit | C76: =$B$7 -> FC | F76: =D76*E76 -> 0 | G76: =$B$8 -> 0.1 | H76: =IF(G76<>0,F76/G76,0) -> 0 | K76: =I76*J76 -> 0 | L76: =IF(OR(J76>0,H76>0),H76+K76,0) -> 0
B77: Trunking | C77: =$B$7 -> FC | F77: =D77*E77 -> 0 | G77: =$B$8 -> 0.1 | H77: =IF(G77<>0,F77/G77,0) -> 0 | K77: =I77*J77 -> 0 | L77: =IF(OR(J77>0,H77>0),H77+K77,0) -> 0
B78: Earthing and bonding | C78: =$B$7 -> FC | F78: =D78*E78 -> 0 | G78: =$B$8 -> 0.1 | H78: =IF(G78<>0,F78/G78,0) -> 0 | K78: =I78*J78 -> 0 | L78: =IF(OR(J78>0,H78>0),H78+K78,0) -> 0
B79: Junction boxes | C79: =$B$7 -> FC | F79: =D79*E79 -> 0 | G79: =$B$8 -> 0.1 | H79: =IF(G79<>0,F79/G79,0) -> 0 | K79: =I79*J79 -> 0 | L79: =IF(OR(J79>0,H79>0),H79+K79,0) -> 0
B80: HVAC shutdown interface | C80: =$B$7 -> FC | F80: =D80*E80 -> 0 | G80: =$B$8 -> 0.1 | H80: =IF(G80<>0,F80/G80,0) -> 0 | K80: =I80*J80 -> 0 | L80: =IF(OR(J80>0,H80>0),H80+K80,0) -> 0
B81: Elevator recall interface | C81: =$B$7 -> FC | F81: =D81*E81 -> 0 | G81: =$B$8 -> 0.1 | H81: =IF(G81<>0,F81/G81,0) -> 0 | K81: =I81*J81 -> 0 | L81: =IF(OR(J81>0,H81>0),H81+K81,0) -> 0
B82: PA system interface | C82: =$B$7 -> FC | F82: =D82*E82 -> 0 | G82: =$B$8 -> 0.1 | H82: =IF(G82<>0,F82/G82,0) -> 0 | K82: =I82*J82 -> 0 | L82: =IF(OR(J82>0,H82>0),H82+K82,0) -> 0
B83: Access control interface | C83: =$B$7 -> FC | F83: =D83*E83 -> 0 | G83: =$B$8 -> 0.1 | H83: =IF(G83<>0,F83/G83,0) -> 0 | K83: =I83*J83 -> 0 | L83: =IF(OR(J83>0,H83>0),H83+K83,0) -> 0
C84: =$B$7 -> FC | F84: =D84*E84 -> 0 | G84: =$B$8 -> 0.1 | H84: =IF(G84<>0,F84/G84,0) -> 0 | K84: =I84*J84 -> 0 | L84: =IF(OR(J84>0,H84>0),H84+K84,0) -> 0
C85: =$B$7 -> FC | F85: =D85*E85 -> 0 | G85: =$B$8 -> 0.1 | H85: =IF(G85<>0,F85/G85,0) -> 0
C86: =$B$7 -> FC | F86: =D86*E86 -> 0 | G86: =$B$8 -> 0.1 | H86: =IF(G86<>0,F86/G86,0) -> 0 | K86: =I86*J86 -> 0 | L86: =IF(OR(J86>0,H86>0),H86+K86,0) -> 0
B87: Civil works
C88: =$B$7 -> FC | F88: =D88*E88 -> 0 | G88: =$B$8 -> 0.1 | H88: =IF(G88<>0,F88/G88,0) -> 0 | K88: =I88*J88 -> 0 | L88: =IF(OR(J88>0,H88>0),H88+K88,0) -> 0
C89: =$B$7 -> FC | F89: =D89*E89 -> 0 | G89: =$B$8 -> 0.1 | H89: =IF(G89<>0,F89/G89,0) -> 0 | K89: =I89*J89 -> 0 | L89: =IF(OR(J89>0,H89>0),H89+K89,0) -> 0
B90: Software
C91: =$B$7 -> FC | F91: =D91*E91 -> 0 | G91: =$B$8 -> 0.1 | H91: =IF(G91<>0,F91/G91,0) -> 0 | K91: =I91*J91 -> 0 | L91: =IF(OR(J91>0,H91>0),H91+K91,0) -> 0
C92: =$B$7 -> FC | F92: =D92*E92 -> 0 | G92: =$B$8 -> 0.1 | H92: =IF(G92<>0,F92/G92,0) -> 0 | K92: =I92*J92 -> 0 | L92: =IF(OR(J92>0,H92>0),H92+K92,0) -> 0
B94: Installation and Integration
B95: Total installation and integration for all areas (Approach radar hall, equipment Room A, equipment Room B, control tower shaft, UPS room, main building, under floor (approach radar hall, equipment room A and B, control tower cab)) | C95: =$B$7 -> FC | F95: =D95*E95 -> 0 | G95: =$B$8 -> 0.1 | H95: =IF(G95<>0,F95/G95,0) -> 0 | K95: =I95*J95 -> 0 | L95: =IF(OR(J95>0,H95>0),H95+K95,0) -> 0
C96: =$B$7 -> FC | F96: =D96*E96 -> 0 | G96: =$B$8 -> 0.1 | H96: =IF(G96<>0,F96/G96,0) -> 0 | K96: =I96*J96 -> 0 | L96: =IF(OR(J96>0,H96>0),H96+K96,0) -> 0
C97: =$B$7 -> FC | F97: =D97*E97 -> 0 | G97: =$B$8 -> 0.1 | H97: =IF(G97<>0,F97/G97,0) -> 0 | K97: =I97*J97 -> 0 | L97: =IF(OR(J97>0,H97>0),H97+K97,0) -> 0
C98: =$B$7 -> FC | F98: =D98*E98 -> 0 | G98: =$B$8 -> 0.1 | H98: =IF(G98<>0,F98/G98,0) -> 0 | K98: =I98*J98 -> 0 | L98: =IF(OR(J98>0,H98>0),H98+K98,0) -> 0
C99: =$B$7 -> FC | F99: =D99*E99 -> 0 | G99: =$B$8 -> 0.1 | H99: =IF(G99<>0,F99/G99,0) -> 0 | K99: =I99*J99 -> 0 | L99: =IF(OR(J99>0,H99>0),H99+K99,0) -> 0
C100: =$B$7 -> FC | F100: =D100*E100 -> 0 | G100: =$B$8 -> 0.1 | H100: =IF(G100<>0,F100/G100,0) -> 0 | K100: =I100*J100 -> 0 | L100: =IF(OR(J100>0,H100>0),H100+K100,0) -> 0
B103: =+"SUB-TOTAL: "&A15 -> SUB-TOTAL: G3.1 | E103: =SUM(E15:E102) -> 0 | F103: =SUM(F15:F102) -> 0 | G103: =$B$8 -> 0.1 | H103: =SUM(H15:H102) -> 0 | J103: =SUM(J15:J102) -> 0 | K103: =SUM(K15:K102) -> 0 | L103: =SUM(L15:L102) -> 0
B104: VAT (15%) | L104: =0.15*L103 -> 0

Sheet G3_2 Bluff Radar
A1: BIDDER PRICE SCHEDULE: APPENDIX G3.1
A2: (INCLUDING VALUE ADDED TAX)
A3: BIDDER : | B3: =Instructions!D3 -> Bidder Company Name
A4: PROJECT : | B4: =Instructions!D4 -> Fire Detection and Suppression System Programme- FALE and Bluff Radar site
A5: Item Nr: | B5: G3.2
A6: Item Description: | B6: Bluff Radar
A7: Foreign Currancy | B7: =Instructions!D5 -> FC
A8: ROE: 1R = | B8: =Instructions!D6 -> 0.1
C10: Overseas Items | I10: Local Items
A12: Schedule Item Number | B12: Description {Equipment Common to all site} | C12: Foreign Currency | D12: Quantity | E12: Foreign Amount Unit Cost | F12: Foreign Amount Total Cost | G12: ROE: 1R = … | H12: Total Foreign Cost in Rands | I12: Quantity | J12: Local Amount Unit Cost | K12: Local Amount Total Cost | L12: Total Rands
A15: =B5 -> G3.2 | B15: =B6 -> Bluff Radar
B16: (All equipment as required, with at least the following headings. Additional items must be added and quantities adjusted by the bidder as necessary.)
B18: Fire Detection System
B19: (List ALL material and equipment needed, with the following as minimum)
B20: Addressable Fire Alarm Control Panel | C20: =$B$7 -> FC | F20: =D20*E20 -> 0 | G20: =$B$8 -> 0.1 | H20: =IF(G20<>0,F20/G20,0) -> 0 | K20: =I20*J20 -> 0 | L20: =IF(OR(J20>0,H20>0),H20+K20,0) -> 0
B21: Battery set for FACP | C21: =$B$7 -> FC | F21: =D21*E21 -> 0 | G21: =$B$8 -> 0.1 | H21: =IF(G21<>0,F21/G21,0) -> 0 | K21: =I21*J21 -> 0 | L21: =IF(OR(J21>0,H21>0),H21+K21,0) -> 0
B22: Addressable loop card/module | C22: =$B$7 -> FC | F22: =D22*E22 -> 0 | G22: =$B$8 -> 0.1 | H22: =IF(G22<>0,F22/G22,0) -> 0 | K22: =I22*J22 -> 0 | L22: =IF(OR(J22>0,H22>0),H22+K22,0) -> 0
B23: Network card | C23: =$B$7 -> FC | F23: =D23*E23 -> 0 | G23: =$B$8 -> 0.1 | H23: =IF(G23<>0,F23/G23,0) -> 0 | K23: =I23*J23 -> 0 | L23: =IF(OR(J23>0,H23>0),H23+K23,0) -> 0
B24: Detectors | C24: =$B$7 -> FC | F24: =D24*E24 -> 0 | G24: =$B$8 -> 0.1 | H24: =IF(G24<>0,F24/G24,0) -> 0 | K24: =I24*J24 -> 0 | L24: =IF(OR(J24>0,H24>0),H24+K24,0) -> 0
B25: Addressable smoke detectors (list and cost all proposed types) | C25: =$B$7 -> FC | F25: =D25*E25 -> 0 | G25: =$B$8 -> 0.1 | H25: =IF(G25<>0,F25/G25,0) -> 0 | K25: =I25*J25 -> 0 | L25: =IF(OR(J25>0,H25>0),H25+K25,0) -> 0
B26: Addressable heat detectors (list and cost all proposed types) | C26: =$B$7 -> FC | F26: =D26*E26 -> 0 | G26: =$B$8 -> 0.1 | H26: =IF(G26<>0,F26/G26,0) -> 0 | K26: =I26*J26 -> 0 | L26: =IF(OR(J26>0,H26>0),H26+K26,0) -> 0
B27: Addressable flame detectors (list and cost all proposed types) | C27: =$B$7 -> FC | F27: =D27*E27 -> 0 | G27: =$B$8 -> 0.1 | H27: =IF(G27<>0,F27/G27,0) -> 0 | K27: =I27*J27 -> 0 | L27: =IF(OR(J27>0,H27>0),H27+K27,0) -> 0
B28: Multi-criteria detectors (list and cost all proposed types) | C28: =$B$7 -> FC | F28: =D28*E28 -> 0 | G28: =$B$8 -> 0.1 | H28: =IF(G28<>0,F28/G28,0) -> 0 | K28: =I28*J28 -> 0 | L28: =IF(OR(J28>0,H28>0),H28+K28,0) -> 0
B29: Mounting solution including brackets | C29: =$B$7 -> FC | F29: =D29*E29 -> 0 | G29: =$B$8 -> 0.1 | H29: =IF(G29<>0,F29/G29,0) -> 0 | K29: =I29*J29 -> 0 | L29: =IF(OR(J29>0,H29>0),H29+K29,0) -> 0
B30: Addressable manual call point | C30: =$B$7 -> FC | F30: =D30*E30 -> 0 | G30: =$B$8 -> 0.1 | H30: =IF(G30<>0,F30/G30,0) -> 0 | K30: =I30*J30 -> 0 | L30: =IF(OR(J30>0,H30>0),H30+K30,0) -> 0
B31: Addressable sounder | C31: =$B$7 -> FC | F31: =D31*E31 -> 0 | G31: =$B$8 -> 0.1 | H31: =IF(G31<>0,F31/G31,0) -> 0 | K31: =I31*J31 -> 0 | L31: =IF(OR(J31>0,H31>0),H31+K31,0) -> 0
... B37: Short circuit isolator module | C37: =$B$7 -> FC | F37: =D37*E37 -> 0 | G37: =$B$8 -> 0.1 | H37: =IF(G37<>0,F37/G37,0) -> 0 | K37: =I37*J37 -> 0 | L37: =IF(OR(J37>0,H37>0),H37+K37,0) -> 0
C38: =$B$7 -> FC | F38: =D38*E38 -> 0 | G38: =$B$8 -> 0.1 | H38: =IF(G38<>0,F38/G38,0) -> 0 | K38: =I38*J38 -> 0 | L38: =IF(OR(J38>0,H38>0),H38+K38,0) -> 0
C39: =$B$7 -> FC | F39: =D39*E39 -> 0 | G39: =$B$8 -> 0.1 | H39: =IF(G39<>0,F39/G39,0) -> 0 | K39: =I39*J39 -> 0 | L39: =IF(OR(J39>0,H39>0),H39+K39,0) -> 0
B40: Fire Suppression System
B41: (List ALL material and equipment needed, with the following as minimum)
B42: Fire Suppression Control Panel | C42: =$B$7 -> FC | F42: =D42*E42 -> 0 | G42: =$B$8 -> 0.1 | H42: =IF(G42<>0,F42/G42,0) -> 0 | K42: =I42*J42 -> 0 | L42: =IF(OR(J42>0,H42>0),H42+K42,0) -> 0
B43: Clean agent storage cylinders (with valve and pressure guage) | C43: =$B$7 -> FC | F43: =D43*E43 -> 0 | G43: =$B$8 -> 0.1 | H43: =IF(G43<>0,F43/G43,0) -> 0 | K43: =I43*J43 -> 0 | L43: =IF(OR(J43>0,H43>0),H43+K43,0) -> 0
B44: Clean agent | C44: =$B$7 -> FC | F44: =D44*E44 -> 0 | G44: =$B$8 -> 0.1 | H44: =IF(G44<>0,F44/G44,0) -> 0 | K44: =I44*J44 -> 0 | L44: =IF(OR(J44>0,H44>0),H44+K44,0) -> 0
B45: Mounting solution including brackets | C45: =$B$7 -> FC | F45: =D45*E45 -> 0 | G45: =$B$8 -> 0.1 | H45: =IF(G45<>0,F45/G45,0) -> 0 | K45: =I45*J45 -> 0 | L45: =IF(OR(J45>0,H45>0),H45+K45,0) -> 0
B46: Actuators | C46: =$B$7 -> FC | F46: =D46*E46 -> 0 | G46: =$B$8 -> 0.1 | H46: =IF(G46<>0,F46/G46,0) -> 0 | K46: =I46*J46 -> 0 | L46: =IF(OR(J46>0,H46>0),H46+K46,0) -> 0
B47: Electric actuator | C47: =$B$7 -> FC | F47: =D47*E47 -> 0 | G47: =$B$8 -> 0.1 | H47: =IF(G47<>0,F47/G47,0) -> 0 | K47: =I47*J47 -> 0 | L47: =IF(OR(J47>0,H47>0),H47+K47,0) -> 0
B48: Manual actuator | C48: =$B$7 -> FC | F48: =D48*E48 -> 0 | G48: =$B$8 -> 0.1 | H48: =IF(G48<>0,F48/G48,0) -> 0 | K48: =I48*J48 -> 0 | L48: =IF(OR(J48>0,H48>0),H48+K48,0) -> 0
B49: Pneumatic actuator | C49: =$B$7 -> FC | F49: =D49*E49 -> 0 | G49: =$B$8 -> 0.1 | H49: =IF(G49<>0,F49/G49,0) -> 0 | K49: =I49*J49 -> 0 | L49: =IF(OR(J49>0,H49>0),H49+K49,0) -> 0
B50: Discharge hose | C50: =$B$7 -> FC | F50: =D50*E50 -> 0 | G50: =$B$8 -> 0.1 | H50: =IF(G50<>0,F50/G50,0) -> 0 | K50: =I50*J50 -> 0 | L50: =IF(OR(J50>0,H50>0),H50+K50,0) -> 0
B51: Directional valves | C51: =$B$7 -> FC | F51: =D51*E51 -> 0 | G51: =$B$8 -> 0.1 | H51: =IF(G51<>0,F51/G51,0) -> 0 | K51: =I51*J51 -> 0 | L51: =IF(OR(J51>0,H51>0),H51+K51,0) -> 0
B52: Discharge pipes | C52: =$B$7 -> FC | F52: =D52*E52 -> 0 | G52: =$B$8 -> 0.1 | H52: =IF(G52<>0,F52/G52,0) -> 0 | K52: =I52*J52 -> 0 | L52: =IF(OR(J52>0,H52>0),H52+K52,0) -> 0
B53: Pipe fittings | C53: =$B$7 -> FC | F53: =D53*E53 -> 0 | G53: =$B$8 -> 0.1 | H53: =IF(G53<>0,F53/G53,0) -> 0 | K53: =I53*J53 -> 0 | L53: =IF(OR(J53>0,H53>0),H53+K53,0) -> 0
... B56: Pressure relief vents | C56: =$B$7 -> FC | F56: =D56*E56 -> 0 | G56: =$B$8 -> 0.1 | H56: =IF(G56<>0,F56/G56,0) -> 0 | K56: =I56*J56 -> 0 | L56: =IF(OR(J56>0,H56>0),H56+K56,0) -> 0
B57: Manual release station
B58: Abort switch | C58: =$B$7 -> FC | F58: =D58*E58 -> 0 | G58: =$B$8 -> 0.1 | H58: =IF(G58<>0,F58/G58,0) -> 0 | K58: =I58*J58 -> 0 | L58: =IF(OR(J58>0,H58>0),H58+K58,0) -> 0
B59: Pressure switch | C59: =$B$7 -> FC | F59: =D59*E59 -> 0 | G59: =$B$8 -> 0.1 | H59: =IF(G59<>0,F59/G59,0) -> 0 | K59: =I59*J59 -> 0 | L59: =IF(OR(J59>0,H59>0),H59+K59,0) -> 0
B60: Monitoring | C60: =$B$7 -> FC | F60: =D60*E60 -> 0 | G60: =$B$8 -> 0.1 | H60: =IF(G60<>0,F60/G60,0) -> 0 | K60: =I60*J60 -> 0 | L60: =IF(OR(J60>0,H60>0),H60+K60,0) -> 0
B61: Alarm devices (audio and visual) | C61: =$B$7 -> FC | F61: =D61*E61 -> 0 | G61: =$B$8 -> 0.1 | H61: =IF(G61<>0,F61/G61,0) -> 0 | K61: =I61*J61 -> 0 | L61: =IF(OR(J61>0,H61>0),H61+K61,0) -> 0
C62: =$B$7 -> FC | F62: =D62*E62 -> 0 | G62: =$B$8 -> 0.1 | H62: =IF(G62<>0,F62/G62,0) -> 0 | K62: =I62*J62 -> 0 | L62: =IF(OR(J62>0,H62>0),H62+K62,0) -> 0
C63: =$B$7 -> FC | F63: =D63*E63 -> 0 | G63: =$B$8 -> 0.1 | H63: =IF(G63<>0,F63/G63,0) -> 0 | K63: =I63*J63 -> 0 | L63: =IF(OR(J63>0,H63>0),H63+K63,0) -> 0
C64: =$B$7 -> FC | F64: =D64*E64 -> 0 | G64: =$B$8 -> 0.1 | H64: =IF(G64<>0,F64/G64,0) -> 0 | K64: =I64*J64 -> 0 | L64: =IF(OR(J64>0,H64>0),H64+K64,0) -> 0
C65: =$B$7 -> FC | F65: =D65*E65 -> 0 | G65: =$B$8 -> 0.1 | H65: =IF(G65<>0,F65/G65,0) -> 0 | K65: =I65*J65 -> 0 | L65: =IF(OR(J65>0,H65>0),H65+K65,0) -> 0
C66: =$B$7 -> FC | F66: =D66*E66 -> 0 | G66: =$B$8 -> 0.1 | H66: =IF(G66<>0,F66/G66,0) -> 0
B67: Auxiliary
B68: Relays | C68: =$B$7 -> FC | F68: =D68*E68 -> 0 | G68: =$B$8 -> 0.1 | H68: =IF(G68<>0,F68/G68,0) -> 0 | K68: =I68*J68 -> 0 | L68: =IF(OR(J68>0,H68>0),H68+K68,0) -> 0
B69: Signage | C69: =$B$7 -> FC | F69: =D69*E69 -> 0 | G69: =$B$8 -> 0.1 | H69: =IF(G69<>0,F69/G69,0) -> 0 | K69: =I69*J69 -> 0 | L69: =IF(OR(J69>0,H69>0),H69+K69,0) -> 0
B70: Cables (list and cost all proposed types) | C70: =$B$7 -> FC | F70: =D70*E70 -> 0 | G70: =$B$8 -> 0.1 | H70: =IF(G70<>0,F70/G70,0) -> 0 | K70: =I70*J70 -> 0 | L70: =IF(OR(J70>0,H70>0),H70+K70,0) -> 0
B71: Cable trays, glands, ferrules, lugs, etc. (list and cost all proposed types) | C71: =$B$7 -> FC | F71: =D71*E71 -> 0 | G71: =$B$8 -> 0.1 | H71: =IF(G71<>0,F71/G71,0) -> 0 | K71: =I71*J71 -> 0 | L71: =IF(OR(J71>0,H71>0),H71+K71,0) -> 0
B72: Conduit | C72: =$B$7 -> FC | F72: =D72*E72 -> 0 | G72: =$B$8 -> 0.1 | H72: =IF(G72<>0,F72/G72,0) -> 0 | K72: =I72*J72 -> 0 | L72: =IF(OR(J72>0,H72>0),H72+K72,0) -> 0
B73: Trunking | C73: =$B$7 -> FC | F73: =D73*E73 -> 0 | G73: =$B$8 -> 0.1 | H73: =IF(G73<>0,F73/G73,0) -> 0 | K73: =I73*J73 -> 0 | L73: =IF(OR(J73>0,H73>0),H73+K73,0) -> 0
B74: Earthing and bonding | C74: =$B$7 -> FC | F74: =D74*E74 -> 0 | G74: =$B$8 -> 0.1 | H74: =IF(G74<>0,F74/G74,0) -> 0 | K74: =I74*J74 -> 0 | L74: =IF(OR(J74>0,H74>0),H74+K74,0) -> 0
B75: Junction boxes | C75: =$B$7 -> FC | F75: =D75*E75 -> 0 | G75: =$B$8 -> 0.1 | H75: =IF(G75<>0,F75/G75,0) -> 0 | K75: =I75*J75 -> 0 | L75: =IF(OR(J75>0,H75>0),H75+K75,0) -> 0
B76: Air conditioning interface | C76: =$B$7 -> FC | F76: =D76*E76 -> 0 | G76: =$B$8 -> 0.1 | H76: =IF(G76<>0,F76/G76,0) -> 0 | K76: =I76*J76 -> 0 | L76: =IF(OR(J76>0,H76>0),H76+K76,0) -> 0
C77: =$B$7 -> FC | F77: =D77*E77 -> 0 | G77: =$B$8 -> 0.1 | H77: =IF(G77<>0,F77/G77,0) -> 0 | K77: =I77*J77 -> 0 | L77: =IF(OR(J77>0,H77>0),H77+K77,0) -> 0
C78: =$B$7 -> FC | F78: =D78*E78 -> 0 | G78: =$B$8 -> 0.1 | H78: =IF(G78<>0,F78/G78,0) -> 0
C79: =$B$7 -> FC | F79: =D79*E79 -> 0 | G79: =$B$8 -> 0.1 | H79: =IF(G79<>0,F79/G79,0) -> 0 | K79: =I79*J79 -> 0 | L79: =IF(OR(J79>0,H79>0),H79+K79,0) -> 0
B83: Civil works
C84: =$B$7 -> FC | F84: =D84*E84 -> 0 | G84: =$B$8 -> 0.1 | H84: =IF(G84<>0,F84/G84,0) -> 0 | K84: =I84*J84 -> 0 | L84: =IF(OR(J84>0,H84>0),H84+K84,0) -> 0
C85: =$B$7 -> FC | F85: =D85*E85 -> 0 | G85: =$B$8 -> 0.1 | H85: =IF(G85<>0,F85/G85,0) -> 0 | K85: =I85*J85 -> 0 | L85: =IF(OR(J85>0,H85>0),H85+K85,0) -> 0
B86: Software
C87: =$B$7 -> FC | F87: =D87*E87 -> 0 | G87: =$B$8 -> 0.1 | H87: =IF(G87<>0,F87/G87,0) -> 0 | K87: =I87*J87 -> 0 | L87: =IF(OR(J87>0,H87>0),H87+K87,0) -> 0
C88: =$B$7 -> FC | F88: =D88*E88 -> 0 | G88: =$B$8 -> 0.1 | H88: =IF(G88<>0,F88/G88,0) -> 0 | K88: =I88*J88 -> 0 | L88: =IF(OR(J88>0,H88>0),H88+K88,0) -> 0
B90: Installation and Integration
B91: Total installation and integration for all areas | C91: =$B$7 -> FC | F91: =D91*E91 -> 0 | G91: =$B$8 -> 0.1 | H91: =IF(G91<>0,F91/G91,0) -> 0 | K91: =I91*J91 -> 0 | L91: =IF(OR(J91>0,H91>0),H91+K91,0) -> 0
C92: =$B$7 -> FC | F92: =D92*E92 -> 0 | G92: =$B$8 -> 0.1 | H92: =IF(G92<>0,F92/G92,0) -> 0 | K92: =I92*J92 -> 0 | L92: =IF(OR(J92>0,H92>0),H92+K92,0) -> 0
B94: =+"SUB-TOTAL: "&A15 -> SUB-TOTAL: G3.2 | E94: =SUM(E15:E93) -> 0 | F94: =SUM(F15:F93) -> 0 | G94: =$B$8 -> 0.1 | H94: =SUM(H15:H93) -> 0 | J94: =SUM(J15:J93) -> 0 | K94: =SUM(K15:K93) -> 0 | L94: =SUM(L15:L93) -> 0
B95: VAT (15%) | L95: =0.15*L94 -> 0

Sheet G4 Miscellaneous
A1: BIDDER PRICE SCHEDULE: APPENDIX G4
A2: (INCLUDING VALUE ADDED TAX)
A3: BIDDER : | B3: =Instructions!D3 -> Bidder Company Name
A4: PROJECT : | B4: =Instructions!D4 -> Fire Detection and Suppression System Programme- FALE and Bluff Radar site
A5: Item Nr: | B5: G4
A6: Item Description: | B6: MISCELLANEOUS
A7: Foreign Currancy | B7: =Instructions!D5 -> FC
A8: ROE: 1R = | B8: =Instructions!D6 -> 0.1
C10: Overseas Items | I10: Local Items
A12: Schedule Item Number | B12: Description | C12: Foreign Currency | D12: Quantity | E12: Foreign Amount Unit Cost | F12: Foreign Amount Total Cost | G12: ROE: 1R = … | H12: Total Foreign Cost in Rands | I12: Quantity | J12: Local Amount Unit Cost | K12: Local Amount Total Cost | L12: Total Rands
A15: =B5 -> G4 | B15: =B6 -> MISCELLANEOUS
B16: (Items and services necessary for the installation, commissioning, operation and maintenance of the system and not included elsewhere.)
B17: (To be individually itemized and priced.)
A19: 4.1
C20: =$B$7 -> FC | F20: =D20*E20 -> 0 | G20: =$B$8 -> 0.1 | H20: =IF(G20<>0,F20/G20,0) -> 0 | K20: =I20*J20 -> 0 | L20: =IF(OR(J20>0,H20>0),H20+K20,0) -> 0
C21: =$B$7 -> FC | F21: =D21*E21 -> 0 | G21: =$B$8 -> 0.1 | H21: =IF(G21<>0,F21/G21,0) -> 0 | K21: =I21*J21 -> 0 | L21: =IF(OR(J21>0,H21>0),H21+K21,0) -> 0
C22: =$B$7 -> FC | F22: =D22*E22 -> 0 | G22: =$B$8 -> 0.1 | H22: =IF(G22<>0,F22/G22,0) -> 0 | K22: =I22*J22 -> 0 | L22: =IF(OR(J22>0,H22>0),H22+K22,0) -> 0
C23: =$B$7 -> FC | F23: =D23*E23 -> 0 | G23: =$B$8 -> 0.1 | H23: =IF(G23<>0,F23/G23,0) -> 0 | K23: =I23*J23 -> 0 | L23: =IF(OR(J23>0,H23>0),H23+K23,0) -> 0
C24: =$B$7 -> FC | F24: =D24*E24 -> 0 | G24: =$B$8 -> 0.1 | H24: =IF(G24<>0,F24/G24,0) -> 0 | K24: =I24*J24 -> 0 | L24: =IF(OR(J24>0,H24>0),H24+K24,0) -> 0
C25: =$B$7 -> FC | F25: =D25*E25 -> 0 | G25: =$B$8 -> 0.1 | H25: =IF(G25<>0,F25/G25,0) -> 0 | K25: =I25*J25 -> 0 | L25: =IF(OR(J25>0,H25>0),H25+K25,0) -> 0
C26: =$B$7 -> FC | F26: =D26*E26 -> 0 | G26: =$B$8 -> 0.1 | H26: =IF(G26<>0,F26/G26,0) -> 0 | K26: =I26*J26 -> 0 | L26: =IF(OR(J26>0,H26>0),H26+K26,0) -> 0
C27: =$B$7 -> FC | F27: =D27*E27 -> 0 | G27: =$B$8 -> 0.1 | H27: =IF(G27<>0,F27/G27,0) -> 0 | K27: =I27*J27 -> 0 | L27: =IF(OR(J27>0,H27>0),H27+K27,0) -> 0
C28: =$B$7 -> FC | F28: =D28*E28 -> 0 | G28: =$B$8 -> 0.1 | H28: =IF(G28<>0,F28/G28,0) -> 0 | K28: =I28*J28 -> 0 | L28: =IF(OR(J28>0,H28>0),H28+K28,0) -> 0
C29: =$B$7 -> FC | F29: =D29*E29 -> 0 | G29: =$B$8 -> 0.1 | H29: =IF(G29<>0,F29/G29,0) -> 0 | K29: =I29*J29 -> 0 | L29: =IF(OR(J29>0,H29>0),H29+K29,0) -> 0
C30: =$B$7 -> FC | F30: =D30*E30 -> 0 | G30: =$B$8 -> 0.1 | H30: =IF(G30<>0,F30/G30,0) -> 0 | K30: =I30*J30 -> 0 | L30: =IF(OR(J30>0,H30>0),H30+K30,0) -> 0
C31: =$B$7 -> FC | F31: =D31*E31 -> 0 | G31: =$B$8 -> 0.1 | H31: =IF(G31<>0,F31/G31,0) -> 0 | K31: =I31*J31 -> 0 | L31: =IF(OR(J31>0,H31>0),H31+K31,0) -> 0
... C40: =$B$7 -> FC | F40: =D40*E40 -> 0 | G40: =$B$8 -> 0.1 | H40: =IF(G40<>0,F40/G40,0) -> 0 | K40: =I40*J40 -> 0 | L40: =IF(OR(J40>0,H40>0),H40+K40,0) -> 0
B42: =+"SUB-TOTAL: "&A15 -> SUB-TOTAL: G4 | E42: =SUM(E20:E41) -> 0 | F42: =SUM(F20:F41) -> 0 | G42: =$B$8 -> 0.1 | H42: =SUM(H20:H41) -> 0 | J42: =SUM(J20:J41) -> 0 | K42: =SUM(K20:K41) -> 0 | L42: =SUM(L20:L41) -> 0
B43: VAT (15%) | L43: =0.15*L42 -> 0

Sheet G5_1 Support Contract (Base)
A1: BIDDER PRICE SCHEDULE: APPENDIX G6
A2: (INCLUDING VALUE ADDED TAX)
A3: BIDDER : | B3: =Instructions!D3 -> Bidder Company Name
A4: PROJECT : | B4: =Instructions!D4 -> Fire Detection and Suppression System Programme- FALE and Bluff Radar site
A5: Item Nr: | B5: G5.1
A6: Item Description: | B6: Support Contract (Base)
A7: Foreign Currancy | B7: =Instructions!D5 -> FC
A8: ROE: 1R = | B8: =Instructions!D6 -> 0.1
C10: Overseas Items | I10: Local Items
A12: Schedule Item Number | B12: Description | C12: Foreign Currency | D12: Quantity | E12: Foreign Amount Unit Cost | F12: Foreign Amount Total Cost | G12: ROE: 1R = … | H12: Total Foreign Cost in Rands | I12: Quantity | J12: Local Amount Unit Cost | K12: Local Amount Total Cost | L12: Total Rands
A15: =B5 -> G5.1 | B15: =B6 -> Support Contract (Base)
B16: {Details of the proposed maintenance contract must be included on this price schedule}
B18: Year 1 | C18: =$B$7 -> FC | F18: =D18*E18 -> 0 | G18: =$B$8 -> 0.1 | H18: =IF(G18<>0,F18/G18,0) -> 0 | K18: =I18*J18 -> 0 | L18: =IF(OR(J18>0,H18>0),H18+K18,0) -> 0
B19: Year 2 | C19: =$B$7 -> FC | F19: =D19*E19 -> 0 | G19: =$B$8 -> 0.1 | H19: =IF(G19<>0,F19/G19,0) -> 0 | K19: =I19*J19 -> 0 | L19: =IF(OR(J19>0,H19>0),H19+K19,0) -> 0
B20: Year 3 | C20: =$B$7 -> FC | F20: =D20*E20 -> 0 | G20: =$B$8 -> 0.1 | H20: =IF(G20<>0,F20/G20,0) -> 0 | K20: =I20*J20 -> 0 | L20: =IF(OR(J20>0,H20>0),H20+K20,0) -> 0
B21: Year 4 | C21: =$B$7 -> FC | F21: =D21*E21 -> 0 | G21: =$B$8 -> 0.1 | H21: =IF(G21<>0,F21/G21,0) -> 0 | K21: =I21*J21 -> 0 | L21: =IF(OR(J21>0,H21>0),H21+K21,0) -> 0
B22: Year 5 | C22: =$B$7 -> FC | F22: =D22*E22 -> 0 | G22: =$B$8 -> 0.1 | H22: =IF(G22<>0,F22/G22,0) -> 0 | K22: =I22*J22 -> 0 | L22: =IF(OR(J22>0,H22>0),H22+K22,0) -> 0
B23: Year 6 | C23: =$B$7 -> FC | F23: =D23*E23 -> 0 | G23: =$B$8 -> 0.1 | H23: =IF(G23<>0,F23/G23,0) -> 0 | K23: =I23*J23 -> 0 | L23: =IF(OR(J23>0,H23>0),H23+K23,0) -> 0
B24: Year 7 | C24: =$B$7 -> FC | F24: =D24*E24 -> 0 | G24: =$B$8 -> 0.1 | H24: =IF(G24<>0,F24/G24,0) -> 0 | K24: =I24*J24 -> 0 | L24: =IF(OR(J24>0,H24>0),H24+K24,0) -> 0
B25: Year 8 | C25: =$B$7 -> FC | F25: =D25*E25 -> 0 | G25: =$B$8 -> 0.1 | H25: =IF(G25<>0,F25/G25,0) -> 0 | K25: =I25*J25 -> 0 | L25: =IF(OR(J25>0,H25>0),H25+K25,0) -> 0
B26: Year 9 | C26: =$B$7 -> FC | F26: =D26*E26 -> 0 | G26: =$B$8 -> 0.1 | H26: =IF(G26<>0,F26/G26,0) -> 0 | K26: =I26*J26 -> 0 | L26: =IF(OR(J26>0,H26>0),H26+K26,0) -> 0
B27: Year 10 | C27: =$B$7 -> FC | F27: =D27*E27 -> 0 | G27: =$B$8 -> 0.1 | H27: =IF(G27<>0,F27/G27,0) -> 0 | K27: =I27*J27 -> 0 | L27: =IF(OR(J27>0,H27>0),H27+K27,0) -> 0
C28: =$B$7 -> FC | F28: =D28*E28 -> 0 | G28: =$B$8 -> 0.1 | H28: =IF(G28<>0,F28/G28,0) -> 0 | K28: =I28*J28 -> 0 | L28: =IF(OR(J28>0,H28>0),H28+K28,0) -> 0
C29: =$B$7 -> FC | F29: =D29*E29 -> 0 | G29: =$B$8 -> 0.1 | H29: =IF(G29<>0,F29/G29,0) -> 0 | K29: =I29*J29 -> 0 | L29: =IF(OR(J29>0,H29>0),H29+K29,0) -> 0
C30: =$B$7 -> FC | F30: =D30*E30 -> 0 | G30: =$B$8 -> 0.1 | H30: =IF(G30<>0,F30/G30,0) -> 0 | K30: =I30*J30 -> 0 | L30: =IF(OR(J30>0,H30>0),H30+K30,0) -> 0
C31: =$B$7 -> FC | F31: =D31*E31 -> 0 | G31: =$B$8 -> 0.1 | H31: =IF(G31<>0,F31/G31,0) -> 0 | K31: =I31*J31 -> 0 | L31: =IF(OR(J31>0,H31>0),H31+K31,0) -> 0
C32: =$B$7 -> FC | F32: =D32*E32 -> 0 | G32: =$B$8 -> 0.1 | H32: =IF(G32<>0,F32/G32,0) -> 0 | K32: =I32*J32 -> 0 | L32: =IF(OR(J32>0,H32>0),H32+K32,0) -> 0
C33: =$B$7 -> FC | F33: =D33*E33 -> 0 | G33: =$B$8 -> 0.1 | H33: =IF(G33<>0,F33/G33,0) -> 0 | K33: =I33*J33 -> 0 | L33: =IF(OR(J33>0,H33>0),H33+K33,0) -> 0
C34: =$B$7 -> FC | F34: =D34*E34 -> 0 | G34: =$B$8 -> 0.1 | H34: =IF(G34<>0,F34/G34,0) -> 0 | K34: =I34*J34 -> 0 | L34: =IF(OR(J34>0,H34>0),H34+K34,0) -> 0
C35: =$B$7 -> FC | F35: =D35*E35 -> 0 | G35: =$B$8 -> 0.1 | H35: =IF(G35<>0,F35/G35,0) -> 0 | K35: =I35*J35 -> 0 | L35: =IF(OR(J35>0,H35>0),H35+K35,0) -> 0
C36: =$B$7 -> FC | F36: =D36*E36 -> 0 | G36: =$B$8 -> 0.1 | H36: =IF(G36<>0,F36/G36,0) -> 0 | K36: =I36*J36 -> 0 | L36: =IF(OR(J36>0,H36>0),H36+K36,0) -> 0
C37: =$B$7 -> FC | F37: =D37*E37 -> 0 | G37: =$B$8 -> 0.1 | H37: =IF(G37<>0,F37/G37,0) -> 0 | K37: =I37*J37 -> 0 | L37: =IF(OR(J37>0,H37>0),H37+K37,0) -> 0
C38: =$B$7 -> FC | F38: =D38*E38 -> 0 | G38: =$B$8 -> 0.1 | H38: =IF(G38<>0,F38/G38,0) -> 0 | K38: =I38*J38 -> 0 | L38: =IF(OR(J38>0,H38>0),H38+K38,0) -> 0
C39: =$B$7 -> FC | F39: =D39*E39 -> 0 | G39: =$B$8 -> 0.1 | H39: =IF(G39<>0,F39/G39,0) -> 0 | K39: =I39*J39 -> 0 | L39: =IF(OR(J39>0,H39>0),H39+K39,0) -> 0
B41: =+"SUB-TOTAL: "&A15 -> SUB-TOTAL: G5.1 | E41: =SUM(E18:E40) -> 0 | F41: =SUM(F18:F40) -> 0 | G41: =$B$8 -> 0.1 | H41: =SUM(H18:H40) -> 0 | J41: =SUM(J18:J40) -> 0 | K41: =SUM(K18:K40) -> 0 | L41: =SUM(L18:L40) -> 0
B42: VAT (15%) | L42: =0.15*L41 -> 0

Sheet G5_2 Support Contract (Inflated
A1: BIDDER PRICE SCHEDULE: APPENDIX G6
A2: (INCLUDING VALUE ADDED TAX)
A3: BIDDER : | B3: =Instructions!D3 -> Bidder Company Name
A4: PROJECT : | B4: =Instructions!D4 -> Fire Detection and Suppression System Programme- FALE and Bluff Radar site
A5: Item Nr: | B5: G5.2
A6: Item Description: | B6: Support Contract with Inflation
A7: Foreign Currancy | B7: =Instructions!D5 -> FC
A8: ROE: 1R = | B8: =Instructions!D6 -> 0.1
C10: Overseas Items | I10: Local Items
A12: Schedule Item Number | B12: Description | C12: Foreign Currency | D12: Quantity | E12: Foreign Amount Unit Cost | F12: Foreign Amount Total Cost | G12: ROE: 1R = … | H12: Total Foreign Cost in Rands | I12: Quantity | J12: Local Amount Unit Cost | K12: Local Amount Total Cost | L12: Total Rands
A15: =B5 -> G5.2 | B15: =B6 -> Support Contract with Inflation
B16: {Details of the proposed maintenance contract must be included on this price schedule}
B18: Year 1 | C18: =$B$7 -> FC | F18: =D18*E18 -> 0 | G18: =$B$8 -> 0.1 | H18: =IF(G18<>0,F18/G18,0) -> 0 | K18: =I18*J18 -> 0 | L18: =IF(OR(J18>0,H18>0),H18+K18,0) -> 0
B19: Year 2 | C19: =$B$7 -> FC | F19: =D19*E19 -> 0 | G19: =$B$8 -> 0.1 | H19: =IF(G19<>0,F19/G19,0) -> 0 | K19: =I19*J19 -> 0 | L19: =IF(OR(J19>0,H19>0),H19+K19,0) -> 0
B20: Year 3 | C20: =$B$7 -> FC | F20: =D20*E20 -> 0 | G20: =$B$8 -> 0.1 | H20: =IF(G20<>0,F20/G20,0) -> 0 | K20: =I20*J20 -> 0 | L20: =IF(OR(J20>0,H20>0),H20+K20,0) -> 0
B21: Year 4 | C21: =$B$7 -> FC | F21: =D21*E21 -> 0 | G21: =$B$8 -> 0.1 | H21: =IF(G21<>0,F21/G21,0) -> 0 | K21: =I21*J21 -> 0 | L21: =IF(OR(J21>0,H21>0),H21+K21,0) -> 0
B22: Year 5 | C22: =$B$7 -> FC | F22: =D22*E22 -> 0 | G22: =$B$8 -> 0.1 | H22: =IF(G22<>0,F22/G22,0) -> 0 | K22: =I22*J22 -> 0 | L22: =IF(OR(J22>0,H22>0),H22+K22,0) -> 0
B23: Year 6 | C23: =$B$7 -> FC | F23: =D23*E23 -> 0 | G23: =$B$8 -> 0.1 | H23: =IF(G23<>0,F23/G23,0) -> 0 | K23: =I23*J23 -> 0 | L23: =IF(OR(J23>0,H23>0),H23+K23,0) -> 0
B24: Year 7 | C24: =$B$7 -> FC | F24: =D24*E24 -> 0 | G24: =$B$8 -> 0.1 | H24: =IF(G24<>0,F24/G24,0) -> 0 | K24: =I24*J24 -> 0 | L24: =IF(OR(J24>0,H24>0),H24+K24,0) -> 0
B25: Year 8 | C25: =$B$7 -> FC | F25: =D25*E25 -> 0 | G25: =$B$8 -> 0.1 | H25: =IF(G25<>0,F25/G25,0) -> 0 | K25: =I25*J25 -> 0 | L25: =IF(OR(J25>0,H25>0),H25+K25,0) -> 0
B26: Year 9 | C26: =$B$7 -> FC | F26: =D26*E26 -> 0 | G26: =$B$8 -> 0.1 | H26: =IF(G26<>0,F26/G26,0) -> 0 | K26: =I26*J26 -> 0 | L26: =IF(OR(J26>0,H26>0),H26+K26,0) -> 0
B27: Year 10 | C27: =$B$7 -> FC | F27: =D27*E27 -> 0 | G27: =$B$8 -> 0.1 | H27: =IF(G27<>0,F27/G27,0) -> 0 | K27: =I27*J27 -> 0 | L27: =IF(OR(J27>0,H27>0),H27+K27,0) -> 0
C28: =$B$7 -> FC | F28: =D28*E28 -> 0 | G28: =$B$8 -> 0.1 | H28: =IF(G28<>0,F28/G28,0) -> 0 | K28: =I28*J28 -> 0 | L28: =IF(OR(J28>0,H28>0),H28+K28,0) -> 0
C29: =$B$7 -> FC | F29: =D29*E29 -> 0 | G29: =$B$8 -> 0.1 | H29: =IF(G29<>0,F29/G29,0) -> 0 | K29: =I29*J29 -> 0 | L29: =IF(OR(J29>0,H29>0),H29+K29,0) -> 0
C30: =$B$7 -> FC | F30: =D30*E30 -> 0 | G30: =$B$8 -> 0.1 | H30: =IF(G30<>0,F30/G30,0) -> 0 | K30: =I30*J30 -> 0 | L30: =IF(OR(J30>0,H30>0),H30+K30,0) -> 0
C31: =$B$7 -> FC | F31: =D31*E31 -> 0 | G31: =$B$8 -> 0.1 | H31: =IF(G31<>0,F31/G31,0) -> 0 | K31: =I31*J31 -> 0 | L31: =IF(OR(J31>0,H31>0),H31+K31,0) -> 0
C32: =$B$7 -> FC | F32: =D32*E32 -> 0 | G32: =$B$8 -> 0.1 | H32: =IF(G32<>0,F32/G32,0) -> 0 | K32: =I32*J32 -> 0 | L32: =IF(OR(J32>0,H32>0),H32+K32,0) -> 0
C33: =$B$7 -> FC | F33: =D33*E33 -> 0 | G33: =$B$8 -> 0.1 | H33: =IF(G33<>0,F33/G33,0) -> 0 | K33: =I33*J33 -> 0 | L33: =IF(OR(J33>0,H33>0),H33+K33,0) -> 0
C34: =$B$7 -> FC | F34: =D34*E34 -> 0 | G34: =$B$8 -> 0.1 | H34: =IF(G34<>0,F34/G34,0) -> 0 | K34: =I34*J34 -> 0 | L34: =IF(OR(J34>0,H34>0),H34+K34,0) -> 0
C35: =$B$7 -> FC | F35: =D35*E35 -> 0 | G35: =$B$8 -> 0.1 | H35: =IF(G35<>0,F35/G35,0) -> 0 | K35: =I35*J35 -> 0 | L35: =IF(OR(J35>0,H35>0),H35+K35,0) -> 0
C36: =$B$7 -> FC | F36: =D36*E36 -> 0 | G36: =$B$8 -> 0.1 | H36: =IF(G36<>0,F36/G36,0) -> 0 | K36: =I36*J36 -> 0 | L36: =IF(OR(J36>0,H36>0),H36+K36,0) -> 0
C37: =$B$7 -> FC | F37: =D37*E37 -> 0 | G37: =$B$8 -> 0.1 | H37: =IF(G37<>0,F37/G37,0) -> 0 | K37: =I37*J37 -> 0 | L37: =IF(OR(J37>0,H37>0),H37+K37,0) -> 0
C38: =$B$7 -> FC | F38: =D38*E38 -> 0 | G38: =$B$8 -> 0.1 | H38: =IF(G38<>0,F38/G38,0) -> 0 | K38: =I38*J38 -> 0 | L38: =IF(OR(J38>0,H38>0),H38+K38,0) -> 0
C39: =$B$7 -> FC | F39: =D39*E39 -> 0 | G39: =$B$8 -> 0.1 | H39: =IF(G39<>0,F39/G39,0) -> 0 | K39: =I39*J39 -> 0 | L39: =IF(OR(J39>0,H39>0),H39+K39,0) -> 0
B41: =+"SUB-TOTAL: "&A15 -> SUB-TOTAL: G5.2 | E41: =SUM(E18:E40) -> 0 | F41: =SUM(F18:F40) -> 0 | G41: =$B$8 -> 0.1 | H41: =SUM(H18:H40) -> 0 | J41: =SUM(J18:J40) -> 0 | K41: =SUM(K18:K40) -> 0 | L41: =SUM(L18:L40) -> 0
B42: VAT (15%) | L42: =0.15*L41 -> 0

Sheet G6 Options
A1: BIDDER PRICE SCHEDULE: APPENDIX G5
A2: (INCLUDING VALUE ADDED TAX)
A3: BIDDER : | B3: =Instructions!D3 -> Bidder Company Name
A4: PROJECT : | B4: =Instructions!D4 -> Fire Detection and Suppression System Programme- FALE and Bluff Radar site
A5: Item Nr: | B5: G6
A6: Item Description: | B6: OPTIONS
A7: Foreign Currancy | B7: =Instructions!D5 -> FC
A8: ROE: 1R = | B8: =Instructions!D6 -> 0.1
C10: Overseas Items | I10: Local Items
A12: Schedule Item Number | B12: Description | C12: Foreign Currency | D12: Quantity | E12: Foreign Amount Unit Cost | F12: Foreign Amount Total Cost | G12: ROE: 1R = … | H12: Total Foreign Cost in Rands | I12: Quantity | J12: Local Amount Unit Cost | K12: Local Amount Total Cost | L12: Total Rands
A15: =B5 -> G6 | B15: =B6 -> OPTIONS
A16: G6.1 | B16: Optional Items
C17: =$B$7 -> FC | F17: =D17*E17 -> 0 | G17: =$B$8 -> 0.1 | H17: =IF(G17<>0,F17/G17,0) -> 0 | K17: =I17*J17 -> 0 | L17: =IF(OR(J17>0,H17>0),H17+K17,0) -> 0
C18: =$B$7 -> FC | F18: =D18*E18 -> 0 | G18: =$B$8 -> 0.1 | H18: =IF(G18<>0,F18/G18,0) -> 0 | K18: =I18*J18 -> 0 | L18: =IF(OR(J18>0,H18>0),H18+K18,0) -> 0
C19: =$B$7 -> FC | F19: =D19*E19 -> 0 | G19: =$B$8 -> 0.1 | H19: =IF(G19<>0,F19/G19,0) -> 0 | K19: =I19*J19 -> 0 | L19: =IF(OR(J19>0,H19>0),H19+K19,0) -> 0
C20: =$B$7 -> FC | F20: =D20*E20 -> 0 | G20: =$B$8 -> 0.1 | H20: =IF(G20<>0,F20/G20,0) -> 0 | K20: =I20*J20 -> 0 | L20: =IF(OR(J20>0,H20>0),H20+K20,0) -> 0
C21: =$B$7 -> FC | F21: =D21*E21 -> 0 | G21: =$B$8 -> 0.1 | H21: =IF(G21<>0,F21/G21,0) -> 0 | K21: =I21*J21 -> 0 | L21: =IF(OR(J21>0,H21>0),H21+K21,0) -> 0
C22: =$B$7 -> FC | F22: =D22*E22 -> 0 | G22: =$B$8 -> 0.1 | H22: =IF(G22<>0,F22/G22,0) -> 0 | K22: =I22*J22 -> 0 | L22: =IF(OR(J22>0,H22>0),H22+K22,0) -> 0
C23: =$B$7 -> FC | F23: =D23*E23 -> 0 | G23: =$B$8 -> 0.1 | H23: =IF(G23<>0,F23/G23,0) -> 0 | K23: =I23*J23 -> 0 | L23: =IF(OR(J23>0,H23>0),H23+K23,0) -> 0
C24: =$B$7 -> FC | F24: =D24*E24 -> 0 | G24: =$B$8 -> 0.1 | H24: =IF(G24<>0,F24/G24,0) -> 0 | K24: =I24*J24 -> 0 | L24: =IF(OR(J24>0,H24>0),H24+K24,0) -> 0
C25: =$B$7 -> FC | F25: =D25*E25 -> 0 | G25: =$B$8 -> 0.1 | H25: =IF(G25<>0,F25/G25,0) -> 0 | K25: =I25*J25 -> 0 | L25: =IF(OR(J25>0,H25>0),H25+K25,0) -> 0
C26: =$B$7 -> FC | F26: =D26*E26 -> 0 | G26: =$B$8 -> 0.1 | H26: =IF(G26<>0,F26/G26,0) -> 0 | K26: =I26*J26 -> 0 | L26: =IF(OR(J26>0,H26>0),H26+K26,0) -> 0
C27: =$B$7 -> FC | F27: =D27*E27 -> 0 | G27: =$B$8 -> 0.1 | H27: =IF(G27<>0,F27/G27,0) -> 0 | K27: =I27*J27 -> 0 | L27: =IF(OR(J27>0,H27>0),H27+K27,0) -> 0
C28: =$B$7 -> FC | F28: =D28*E28 -> 0 | G28: =$B$8 -> 0.1 | H28: =IF(G28<>0,F28/G28,0) -> 0 | K28: =I28*J28 -> 0 | L28: =IF(OR(J28>0,H28>0),H28+K28,0) -> 0
... C60: =$B$7 -> FC | F60: =D60*E60 -> 0 | G60: =$B$8 -> 0.1 | H60: =IF(G60<>0,F60/G60,0) -> 0 | K60: =I60*J60 -> 0 | L60: =IF(OR(J60>0,H60>0),H60+K60,0) -> 0
B62: =+"SUB-TOTAL: "&A15 -> SUB-TOTAL: G6 | E62: =SUM(E17:E61) -> 0 | F62: =SUM(F17:F61) -> 0 | G62: =$B$8 -> 0.1 | H62: =SUM(H17:H61) -> 0 | J62: =SUM(J17:J61) -> 0 | K62: =SUM(K17:K61) -> 0 | L62: =SUM(L17:L61) -> 0
B63: VAT (15%) | L63: =0.15*L62 -> 0
